 Dungeon Crawl Stone Soup version 0.31.0-32-g396128a36d (webtiles) character file.

Game seed: 17394016579264585191

16 Dvallin the Changeling (level 2, -4/15 HPs)
             Began as a Draconian Shapeshifter on Apr 1, 2024.
             Slain by an orc
             ... wielding a +0 morningstar
              (8 damage)
             ... on level 2 of the Dungeon.
             The game lasted 00:01:19 (633 turns).

Dvallin the Changeling (Draconian Shapeshifter)      Turns: 633, Time: 00:01:20

Health: -4/15      AC:  5    Str: 16    XL:     2   Next: 41%
Magic:  2/2        EV: 16    Int: 10    God:
Gold:   41         SH:  0    Dex: 10    Spells: 1/1 levels left

rFire   . .          .
                       - Unarmed
rCold   . . .        (shield currently unavailable)
rNeg    . . .        (body armour unavailable)
rPois   .            (helmet restricted)
rElec   .            d - +0 cloak
rCorr   .            (no gloves)
SInv    .            (no boots)
Will    .....        (no amulet)
Stlth   +            (no ring)
HPRegen 0.22/turn    (no ring)
MPRegen 0.08/turn

%: no passive effects
@: flux-form, glowing
A: glow, contaminating, reduced hp, AC +4, unfitting armour, cold-blooded
a: Begin Untransformation


You were on level 2 of the Dungeon.
You were something dangerously unstable.
You visited 1 branch of the dungeon, and saw 2 of its levels.

You collected 41 gold pieces.

Inventory:

Armour
 d - a +0 cloak (worn)
Talismans
 b - a beast talisman
 c - a flux talisman (active)
 e - a maw talisman
Scrolls
 f - 2 scrolls of teleportation {unknown}
 h - a scroll of fear {unknown}
 k - a scroll of fog {unknown}
Potions
 a - a potion of lignification
 g - a potion of heal wounds {unknown}
 i - a potion of mutation {unknown}
 j - a potion of degeneration {unknown}


   Skills:
 - Level 1.1 Fighting
 - Level 1.7 Dodging
 - Level 3.0 Unarmed Combat
 + Level 3.7 Shapeshifting


You had one spell level left.
You didn't know any spells.
Your spell library contained the following spells:

 Spells                   Type           Power      Damage    Failure   Level
 Ensorcelled Hibernation  Hex/Ice        0%         N/A       50%         2
 Passwall                 Erth           0%         N/A       75%         3
 Swiftness                Air            0%         N/A       75%         3


Dungeon Overview and Level Annotations

Branches:
Dungeon (2/15)

Altars:


Innate Abilities, Weirdness & Mutations

You are something dangerously unstable.
You glow with magical radiation, making you easy to see and hit.
Foes you strike become dangerously contaminated with magical radiation.
Your maximum health is decreased, since you lack skill for your form.
You are incapable of wielding weapons or throwing items.
Your plain brown scales are hard. (AC +4)
You cannot fit into any form of body armour.
You are cold-blooded and may be slowed by cold attacks.


Message History

The orc twists and deforms.
Your tail-slap misses the orc.
The orc is severely wounded.
The orc closely misses you.
You closely miss the orc.
The orc is severely wounded.
A bat comes into view.
The orc hits you but does no damage.
You barely miss the orc.
The orc is severely wounded.
The orc misses you. The orc closely misses you. x2
You hit the orc.
The orc begins to glow.
The orc is almost dead.
The orc hits you with a +0 hand axe. The orc misses you.
An orc comes into view. It is wielding a +0 whip.
The orc hits you with a +0 morningstar.
* * * LOW HITPOINT WARNING * * *
You are too injured to fight recklessly!
You are too injured to fight recklessly!
You are too injured to fight recklessly!
You are too injured to fight recklessly!
You are too injured to fight recklessly!
You are too injured to fight recklessly!
You are too injured to fight recklessly!
You are too injured to fight recklessly!
You are too injured to fight recklessly!
You are too injured to fight recklessly!
You are too injured to fight recklessly!
You are too injured to fight recklessly!
You are too injured to fight recklessly!
You are too injured to fight recklessly!
You are too injured to fight recklessly!
You are too injured to fight recklessly!
You are too injured to fight recklessly!
You are too injured to fight recklessly!
You are too injured to fight recklessly!
You are too injured to fight recklessly!
Unknown command.
The orc attacks as it pursues you! The orc hits you with a +0 morningstar!
Ouch! That really hurt!
You die...

...............#
#....†...##.#..#.#
#.######.##.#..#.# #.#
#.##.#..#.# #.#
#.##.####.# #.# #.##.#
#.# #.# #.##.# #.#
#.######.##.####.######+#
#.....#.........po.......
##..........#####o.......
#..............#o.w..[..
#.......########o.......
#.......# .b...####
#.......# o......
#.......# ..###.###
#.......# .. .. #.......#
+## ###


You could see a dart slug, 4 orcs and a bat.

Vanquished Creatures
  A dart slug (D:2)
  An endoplasm (D:1)
  A goblin (D:1)
  3 hobgoblins
  3 ball pythons (D:1)
  3 kobolds (D:1)
  2 rats (D:1)
14 creatures vanquished.

Notes
Turn   | Place    | Note
-------+----------+-------------------------------------------
     0 | D:1      | Dvallin the Draconian Shapeshifter began the quest for the
                  | Orb.
     0 | D:1      | Reached XP level 1. HP: 16/16 MP: 1/1
    78 | D:1      | Found a faded altar of an unknown god.
   291 | D:1      | Reached XP level 2. HP: 4/23 MP: 2/2
   633 | D:2      | Slain by an orc

Illustrated notes

Levels and vault maps discovered:
D:1:      mrwooster_arrival_statue, layout_basic, basic_ecumenical_altar
D:2:      layout_basic, minmay_between, uniq_robin

Action                     || total
---------------------------++-------
  Melee: Unarmed           ||    66
         Tailslap          ||     3
         Punch             ||     1
Ability: Begin Untransform ||     1
 Armour: Skin              ||    20
  Dodge: Dodged            ||    45
   Form: Beast             ||     1
         Flux              ||     1
